 Dungeon Crawl Stone Soup version 0.31-a0-675-g238779eb0a (webtiles) character file.

Game seed: 208852102775231485

70 qw the Shooter (level 4, -1/28 HPs)
             Began as a Gargoyle Hunter on Sept 5, 2023.
             Slain by an orc wizard
             ... wielding a +1 dagger of distortion
              (4 damage)
             ... on level 3 of the Dungeon.
             The game lasted 00:00:37 (1415 turns).

qw the Shooter (Gargoyle Hunter)                    Turns: 1415, Time: 00:00:38

Health: -1/28      AC:  8    Str: 20    XL:     4   Next: 22%
Magic:  4/4        EV: 11    Int: 10    God:
Gold:   40         SH:  0    Dex: 15    Spells: 3/3 levels left

rFire   . . .        Y - +0 shortbow (chaos)
rCold   . . .        (shield currently unavailable)
rNeg    + . .        e - +0 ring mail
rPois   inf          (no helmet)
rElec   +            (no cloak)
rCorr   .            (no gloves)
SInv    .            (no boots)
Will    .....        (no amulet) Stlth
                     i - +6 ring of strength
HPRegen 0.24/turn    (no ring)
MPRegen 0.09/turn

%: no passive effects
@: confused
A: sickness immunity, AC +3, negative energy resistance 1, electricity
resistance, torment resistance 1, petrification resistance
a: no special abilities


You were on level 3 of the Dungeon.
You visited 1 branch of the dungeon, and saw 3 of its levels.

You collected 40 gold pieces.


Innate Abilities, Weirdness & Mutations

You are immune to sickness and miasma.
Your stone body is resilient. (AC +3)
You are immune to poison.
You resist negative energy. (rN+)
You are resistant to electric shocks. (rElec)
You are resistant to unholy torment.
You are immune to petrification.


   Skills:
 - Level 3.0 Fighting
 + Level 5.1 Ranged Weapons
 - Level 1.0 Armour
 - Level 1.5 Dodging
 - Level 1.1 Stealth


You had 3 spell levels left.
You didn't know any spells.
Your spell library was empty.

Inventory:

Hand Weapons
 Y - a +0 shortbow of chaos (weapon)
Armour
 e - a +0 ring mail (worn)
Jewellery
 i - a +6 ring of strength (left hand)
Scrolls
 a - a scroll of identify
Potions
 b - a potion of resistance {unknown}
 g - a potion of heal wounds {unknown}
 h - a potion of brilliance {unknown}
 j - a potion of enlightenment {unknown}

Dungeon Overview and Level Annotations

Branches:
Dungeon (3/15)

Altars:
Ashenzari
Elyvilon

Shops:
D:1 ([:!


Message History

You shoot an arrow. The arrow hits the orc!
The arrow burns the orc.
You kill the orc!
An orc comes into view. It is wielding a +0 short sword.
You shoot an arrow. The arrow completely misses the orc.
You shoot an arrow. The arrow hits the orc.
The arrow freezes the orc.
You kill the orc!
Things that are here:
a +0 short sword; an orc corpse An orc wizard, an adder and an endoplasm come into view.
The orc wizard is wielding a +1 dagger of distortion.
Found a stone staircase leading down.
You shoot an arrow. The arrow hits the orc wizard.
The orc wizard seems to slow down.
The orc wizard is heavily wounded.
The endoplasm quivers.
You shoot an arrow. The arrow barely misses the orc wizard.
The orc wizard casts a spell at you. You resist with some effort.
You shoot an arrow. The arrow barely misses the orc wizard.
You shoot an arrow. The arrow hits the endoplasm.
You kill the endoplasm!
You shoot an arrow. The arrow hits the orc wizard.
The orc wizard easily resists.
The orc wizard is heavily wounded.
The orc wizard points at you and mumbles some strange words.
You are confused.
The orc wizard hits you but does no damage.
Space warps horribly around you! The orc wizard casts a spell at you.
The magic dart hits you. The adder bites you but does no damage.
The adder misses you.
The orc wizard is no longer moving slowly.
The adder bites you but does no damage.
The orc wizard points at you and mumbles some strange words.
The puff of flame hits you! The adder closely misses you.
The orc wizard casts a spell at you. You resist with some effort.
The adder bites you.
The orc wizard hits you with a +1 dagger of distortion.
You die...

.... ########
....###......
.........>. ...#.....
.# 7...).. .# 7.... ..
7So## .## 7@.#... #....
77.#.### ....+ 7)....#
#...7 77.#.#.# #...#
77..#.# ###..## 77..##
# #.....7 77..#.....#
#.....777777..##.#.#...
#........%...## .# ..


You could see an orc wizard and an adder.

Vanquished Creatures
  2 adders (D:2)
  2 orcs (D:3)
  2 ball pythons (D:1)
  4 endoplasms
  4 giant cockroaches
  2 goblins (D:1)
  7 hobgoblins
  5 kobolds
  6 quokkas
  4 bats (D:1)
  2 frilled lizards
  2 rats
42 creatures vanquished.

Notes
Turn   | Place    | Note
-------+----------+-------------------------------------------
     0 | D:1      | qw the Gargoyle Hunter began the quest for the Orb.
     0 | D:1      | Reached XP level 1. HP: 12/12 MP: 1/1
     0 | D:1      | 0 ||| qw: Version: 0.3-a-75-g829b12e
     0 | D:1      | 0 ||| qw: Game counter: 160
     0 | D:1      | 0 ||| qw: Melee chars always use a shield: true
     0 | D:1      | 0 ||| qw: God list: Okawaru
     0 | D:1      | 0 ||| qw: Allow faded altars: false
     0 | D:1      | 0 ||| qw: Do Orc after clearing Dungeon:15 true
     0 | D:1      | 0 ||| qw: Do second Lair branch before Depths: true
     0 | D:1      | 0 ||| qw: Lair rune preference: random
     0 | D:1      | 0 ||| qw: Goals: Normal
     0 | D:1      | 0 ||| PLANNING D:1-11
    74 | D:1      | Reached XP level 2. HP: 17/17 MP: 2/2
    77 | D:1      | Found Zorar's Antique Armour Boutique.
   103 | D:1      | 103 ||| SHOPLISTING helmet (108 gold, have 7).
   103 | D:1      | 103 ||| SHOPLISTING pair of boots (108 gold, have 7).
   103 | D:1      | 103 ||| SHOPLISTING ring mail (96 gold, have 7).
   288 | D:1      | Found Fiuhet's Distillery.
   299 | D:1      | Reached XP level 3. HP: 21/21 MP: 3/3
   305 | D:1      | 305 ||| SHOPLISTING potion of haste (120 gold, have 24).
   305 | D:1      | 305 ||| SHOPLISTING potion of heal wounds (60 gold, have
                  | 24).
   305 | D:1      | 305 ||| SHOPLISTING potion of mutation (96 gold, have 24).
   305 | D:1      | 305 ||| SHOPLISTING potion of resistance (120 gold, have
                  | 24).
   393 | D:1      | Found Jisuront's Weapon Emporium.
   395 | D:1      | Reached skill level 5 in Ranged Weapons
   553 | D:1      | Found Eppyg's Book Emporium.
   783 | D:1      | 783 ||| UPGRADING to +0 ring mail.
   793 | D:1      | 793 ||| DROPPING +0 leather armour.
   794 | D:1      | 794 ||| UPGRADING to +6 ring of strength.
   795 | D:1      | 795 ||| READING 2 scrolls labelled NAYRPHA POCSO.
   796 | D:1      | 796 ||| READING scroll labelled SEFEMY IR RUA.
   797 | D:1      | 797 ||| READING 3 scrolls labelled PYCO UPPUE.
   798 | D:1      | 798 ||| DROPPING scroll of butterflies.
   799 | D:1      | 799 ||| DROPPING 2 scrolls of immolation.
   811 | D:2      | Found the +3 warlock's mirror {omnireflect}
   832 | D:2      | Reached skill level 1 in Armour
   979 | D:2      | Reached XP level 4. HP: 27/27 MP: 4/4
  1076 | D:2      | Reached skill level 3 in Fighting
  1337 | D:2      | 1337 ||| DROPPING ring of magical power.
  1338 | D:2      | 1338 ||| READING scroll labelled NITODIY LEGIA.
  1339 | D:2      | 1339 ||| READING scroll labelled QENGEU ITIQAKK.
  1356 | D:3      | Found a broken altar of Ashenzari.
  1356 | D:3      | Found a white marble altar of Elyvilon.
  1413 | D:3      | HP: 5/28 [orc wizard/puff of flame (10)]
  1415 | D:3      | Slain by an orc wizard

Levels and vault maps discovered:
D:1:      dpeg_arrival_windows_large_door, layout_loops_ring, serial_shops,
          shop, nicolae_shop_stone, nicolae_shop_getting_attention, shop
D:2:      layout_basic
D:3:      layout_basic, chequers_temple_overflow_statue_of_worship,
          nicolae_tso_swordbearing_angel, dilly_ecumenical_altar_fadedgnrine,
          solitary_fountain

Skill      XL: |  1  2  3  4 |
---------------+-------------+-----
Ranged Weapons | 5 |  5.1
Armour         | 1 |  1.0
Fighting       | 3 |  3.0
Dodging        | |  1.5
Stealth        | |  1.1

Action                     |  1- 3 |  4- 6 || total
---------------------------+-------+-------++-------
   Fire: Shortbow          |   116 |    40 ||   156
    Use: Scroll            |     3 |     2 ||     5
 Armour: Leather armour    |    26 |       ||    26
         Ring mail         |     9 |    14 ||    23
  Dodge: Dodged            |    52 |     9 ||    61

Table legend:
 A = Non-vault XP
 B = Vault XP
 C = Vault XP percentage of total XP
 D = Non-vault monster count
 E = Vault monster count
 F = Vault count percentage of total count
                 A         B        C        D         E       F
            +---------+---------+-------+---------+---------+-------
      Total |     101 |       0 |   0.0 |      42 |       0 |   0.0
            +---------+---------+-------+---------+---------+-------
        D:1 |      49 |       0 |   0.0 |      26 |       0 |   0.0
        D:2 |      40 |       0 |   0.0 |      11 |       0 |   0.0
        D:3 |      12 |       0 |   0.0 |       5 |       0 |   0.0
            +---------+---------+-------+---------+---------+-------
